AoeStats
← Dragon

Oasis

509226455Analyzed
3v3 RM · 6d ago on Sep 26, 2026· 55m 1s· 6 players
Game mode
Random Map
Map size
Normal (6 player)
Population
200
Speed
Normal
Resources
Standard
Victory
Conquest
Starting age
Dark Age
Ending age
Imperial Age
RankedLock teamsTeams togetherTeam positionsShared explorationLock speedFull tech treeHidden civsTurbo modeCheats
Victory
Defeat
🇩🇪 Franks · Germany
1305
+13
🇩🇪 Danes · Germany
1297
+13
🇩🇪 Portuguese · Germany
1274
+14
🇧🇷 Vikings · Brazil
1272
-14
🇨🇦 Mongols · Canada
1223
-13
🇺🇾 Byzantines · Uruguay
1214
-13
[MAD1] killmeifyoucan
11:01 Feudal Age
14:49 Castle Age
12:52 Horse Collar
13:42 Loom
15:17 Double-Bit Axe
24:46 Bloodlines
25:58 Husbandry
32:48 Wheelbarrow
34:11 Light Cavalry
35:09 Hand Cart
34:39 Town Watch
35:13 Bow Saw
35:47 Caravan
38:09 Forging
37:50 Fletching
39:07 Crossbowman
40:13 Thumb Ring
39:29 Elite Skirmisher
40:05 Bodkin Arrow
40:11 Padded Archer Armor
40:17 Scale Barding Armor
42:24 Iron Casting
43:20 Leather Archer Armor
44:38 Chain Barding Armor
tiagobellodi
11:22 Feudal Age
11:32 Loom
12:35 Man-at-Arms
15:19 Arson
17:04 Forging
17:24 Horse Collar
18:37 Double-Bit Axe
21:39 Gold Mining
24:16 Castle Age
22:40 Scale Mail Armor
24:59 Squires
25:16 Chain Mail Armor
24:23 Long Swordsman
26:38 Bow Saw
28:22 Iron Casting
30:29 Town Watch
33:10 Heavy Plow
39:40 Imperial Age
38:13 Stone Mining
39:00 Gold Shaft Mining
40:52 Conscription
40:10 Two-Handed Swordsman
41:21 Plate Mail Armor
40:30 Capped Ram
42:26 Champion
45:01 Blast Furnace
51:00 Chemistry
54:34 Elite Berserk
BOT [Quaa]
6:56 Loom
9:29 Feudal Age
10:02 Man-at-Arms
13:01 Arson
15:59 Double-Bit Axe
16:44 Horse Collar
22:07 Castle Age
20:31 Forging
20:22 Scale Mail Armor
22:20 Pikeman
25:58 Gambesons
26:14 Squires
27:07 Wheelbarrow
27:22 Iron Casting
34:13 Imperial Age
33:23 Hand Cart
34:14 Bow Saw
36:05 Halberdier
38:01 Fletching
38:11 Padded Archer Armor
38:18 Heavy Plow
37:48 Crossbowman
39:59 Crop Rotation
39:27 Gold Mining
40:04 Bodkin Arrow
40:40 Arbalester
43:57 Bracer
44:14 Leather Archer Armor
44:36 Ballistics
44:29 Thumb Ring
Dragon
7:08 Loom
10:18 Feudal Age
18:26 Castle Age
16:40 Double-Bit Axe
18:17 Stone Mining
18:19 Gold Mining
19:33 Scale Barding Armor
21:31 Bow Saw
25:46 Sanctity
33:01 Imperial Age
31:02 Scale Mail Armor
31:07 Squires
33:41 Chain Mail Armor
33:37 Forging
34:15 Conscription
36:18 Plate Mail Armor
38:27 Chemistry
38:50 Iron Casting
42:51 Fletching
44:11 Elite Throwing Axeman
44:50 Bodkin Arrow
45:57 Blast Furnace
50:50 Bodkin Arrow
51:16 Chain Barding Armor
Who am I
8:57 Loom
12:08 Feudal Age
12:43 Man-at-Arms
14:46 Wheelbarrow
14:12 Horse Collar
14:18 Double-Bit Axe
15:49 Arson
18:24 Forging
18:15 Scale Mail Armor
19:51 Fletching
20:18 Town Watch
24:35 Castle Age
23:17 Gold Mining
24:39 Long Swordsman
25:05 Gambesons
25:22 Squires
25:40 Chain Mail Armor
26:00 Iron Casting
27:15 Hand Cart
27:24 Bow Saw
29:44 Heavy Plow
32:39 Gold Shaft Mining
34:05 Stone Mining
33:55 Hamask
41:42 Imperial Age
41:45 Two-Handed Swordsman
43:27 Conscription
43:32 Champion
43:38 Onager
45:45 Plate Mail Armor
47:18 Caravan
49:03 Blast Furnace
siggi-lok
4:42 Loom
12:52 Feudal Age
17:21 Castle Age
26:14 Double-Bit Axe
39:25 Imperial Age
40:41 Arquebus
41:02 Conscription
42:15 Elite Organ Gun
47:50 Wheelbarrow
47:01 Town Watch
48:55 Bow Saw
Connection lost

Rejoining the realm…

Still unreachable

The connection could not be restored.

Session expired

The server has moved on; the page needs a fresh start.